 Dungeon Crawl Stone Soup version 0.14-a0-1570-g671a4b6 (webtiles) character file.

5859 PolkaDot the Reanimator (level 10, 0/60 (63) HPs)
             Began as a Vampire Necromancer on Dec 20, 2013.
             Was a Priest of Vehumet.
             Slain by a killer bee (8 damage)
             ... on Level 9 of the Dungeon.
             The game lasted 00:58:50 (10000 turns).

PolkaDot the Reanimator (Vampire Necromancer)      Turns: 10000, Time: 00:58:50

HP   0/60 (63)   AC  5     Str  7      XL: 10   Next: 45%
MP   4/34        EV 10     Int 20      God: Vehumet [***...]
Gold 237         SH  0     Dex 13 (14) Spells:  6 memorised,  9 levels left

rFire  . . .     SeeInvis +     C - +0,+3 cutlass (freeze)
rCold  . . .     Clarity  .     u - +2 leather armour of Idealism {rPois Dam+4}
rNeg   . . .     Conserve .     (no shield)
rPois  +         rCorr    .     (no helmet)
rElec  .         rRot     .     (no cloak)
SustAb . .       Spirit   .     (no gloves)
rMut   .         Warding  .     (no boots)
Saprov . . .     Stasis   .     (no amulet)
                                i - ring of magical power
                                A - ring of invisibility

@: regenerating quickly, somewhat resistant to hostile enchantments, fairly
stealthy
A: bottle blood, fangs 3, see invisible, unbreathing
a: Bottle Blood, Renounce Religion, Evoke Invisibility


You were on level 9 of the Dungeon.
You worshipped Vehumet.
Vehumet was most pleased with you.
You were very full.

You visited 2 branches of the dungeon, and saw 10 of its levels.

You collected 561 gold pieces.
You spent 324 gold pieces at shops.

Inventory:

Hand weapons
 C - a +0,+3 cutlass of freezing (weapon)
Armour
 u - the cursed +2 leather armour of Idealism (worn) {rPois Dam+4}
   (You found it on level 5 of the Dungeon)

   It affects your damage-dealing abilities (+4).
   It protects you from poison.
   It has a curse placed upon it.
Magical devices
 e - a wand of cold (0)
 F - a wand of polymorph (5)
Scrolls
 d - 3 scrolls of recharging
 f - 3 scrolls of remove curse
 j - a scroll of blinking
 k - 2 scrolls of immolation
 m - a scroll of curse armour {unknown}
 o - 2 scrolls of fog
 p - 4 scrolls of teleportation
 q - a scroll of magic mapping
 r - 2 scrolls of amnesia
 t - a scroll of identify
 v - 2 scrolls of random uselessness
 x - 2 scrolls of enchant armour {unknown}
 y - a scroll of fear
Jewellery
 a - an uncursed ring of ice
 h - an uncursed ring of protection from magic
 i - a ring of magical power (right hand)
 n - an uncursed ring of protection from cold
 A - a ring of invisibility (left hand)
Potions
 c - a potion of resistance
 g - 2 potions of restore abilities
 l - a potion of lignification
 G - a potion of heal wounds
Books
 b - a book of Necromancy

   Spells                             Type                      Level
   *Pain                              Necromancy                   1
   Animate Skeleton                   Necromancy                   1
   Lethal Infusion                    Charms/Necromancy            2
   *Vampiric Draining                 Necromancy                   3
   *Regeneration                      Charms/Necromancy            3
   Animate Dead                       Necromancy                   4
   *Control Undead                    Necromancy                   4
 s - a book of Wizardry

   Spells                             Type                      Level
   Summon Elemental                   Summoning                    4
   Agony                              Necromancy                   5
   Force Lance                        Conjuration                  5
   Fireball                           Conjuration/Fire             5
   Haste                              Charms                       6
   Invisibility                       Hexes                        6
 z - a book of the Dragon

   Spells                             Type                      Level
   *Flight                            Charms/Air                   3
   Cause Fear                         Hexes                        4
   Bolt of Fire                       Conjuration/Fire             6
   Dragon Form                        Transmutation                7
   Summon Dragon                      Summoning                    9


   Skills:
 - Level 5.0 Short Blades
 - Level 2.1 Dodging
 - Level 3.0 Stealth
 + Level 7.7 Spellcasting
 + Level 3.2 Conjurations
 - Level 1.3 Charms
 - Level 10.8 Necromancy
 * Level 5.7 Fire Magic
 - Level 1.3 Evocations


You had 9 spell levels left.
You knew the following spells:

 Your Spells              Type           Power        Failure   Level  Hunger
a - Pain                  Necr           ####         1%          1    None
d - Vampiric Draining     Necr           ######....   1%          3    #......
r - Regeneration          Chrm/Necr      ####......   1%          3    #......
s - Control Undead        Necr           ######....   1%          4    ###....
u - Flame Tongue          Conj/Fire      ####.        1%          1    None
F - Flight                Chrm/Air       ##........   21%         3    #......


Dungeon Overview and Level Annotations

Branches:
Dungeon (9/16)             Temple (1/1) D:7
    Orc: D:9-12        Lair: D:8-11

Altars:
Ashenzari
Cheibriados
Elyvilon
Fedhas
Kikubaaqudgha
Makhleb
Nemelex Xobeh
Okawaru
Sif Muna
Trog
Vehumet
Xom
Yredelemnul
Zin
the Shining One

Shops:
D:5 ?   D:6 ?   D:7 ?


Innate Abilities, Weirdness & Mutations

Your natural rate of healing is unusually fast.
You can bottle blood from corpses.
You have razor-sharp teeth.*
You have supernaturally acute eyesight.
You can survive without breathing.*


Message History

* * * LOW HITPOINT WARNING * * *
You miss the killer bee.
The killer bee is severely wounded.
The killer bee stings you but does no damage.
The killer bee barely misses you.
You hit the killer bee. You freeze the killer bee.
You kill the killer bee!
Vehumet accepts your kill.
You feel your power returning.
You barely miss the killer bee. The killer bee stings you.
* * * LOW HITPOINT WARNING * * *
The killer bee stings you.
* * * LOW HITPOINT WARNING * * *
You miss the killer bee. The killer bee stings you.
* * * LOW HITPOINT WARNING * * *
The killer bee stings you.
* * * LOW HITPOINT WARNING * * *
You closely miss the killer bee. Your bite misses the killer bee.
The killer bee stings you!
You die...

....##.#######.........######
######.# #.........'....+ #.#
#.........###### #.#
#.........# #.# #.........#
#.# ######'#### #.. ##..# ##+
###..## #.@.## #k###
#........# #..%...%.#
#...%..%.# #%...(...#
#.%.%..%. +......% #.....%


You could see a killer bee.

Vanquished Creatures
  2 queen bees (D:9)
  Eustachio (D:8)
  A wyvern (D:8)
  A hippogriff (D:7)
  Edmund (D:6)
  A necrophage (D:6)
  An ogre (D:9)
  2 orc warriors
  A black bear (D:9)
  3 ice beasts
  2 phantoms
  2 centaurs
  6 giant frogs
  A cyclops skeleton (D:9)
  43 killer bees
  A goliath beetle (D:9)
  3 hounds (D:9)
  4 crimson imps
  A scorpion (D:4)
  3 orc priests
  2 iguanas
  7 orc wizards
  8 worker ants
  A mummy (D:7)
  10 adders
  A giant centipede (D:9)
  A giant mite (D:4)
  An ufetubus (D:8)
  5 worms
  A grey rat (D:8)
  4 giant eyeballs
  An ooze (D:4)
  16 orcs
  21 bats
  A bat skeleton (D:6)
  2 bat zombies (D:5)
  9 giant cockroaches
  6 goblins
  18 hobgoblins
  4 quokkas
  2 ball pythons
  3 giant geckos
  2 giant newts
  A goblin skeleton (D:3)
  A hobgoblin skeleton (D:4)
  A hobgoblin zombie (D:7)
  16 jackals
  12 kobolds
  An orc skeleton (D:5)
  21 rats
  4 ballistomycetes (D:9)
263 creatures vanquished.

Vanquished Creatures (collateral kills)
  A killer bee (D:9)
1 creature vanquished.

Vanquished Creatures (others)
  A giant newt (D:2)
  A giant spore (D:9)
  A ballistomycete (D:9)
3 creatures vanquished.

Grand Total: 267 creatures vanquished

Notes
Turn   | Place    | Note
--------------------------------------------------------------
     0 | D:1      | PolkaDot, the Vampire Necromancer, began the quest for the Orb.
     0 | D:1      | Reached XP level 1. HP: 13/13 MP: 3/3
   417 | D:1      | Reached XP level 2. HP: 19/19 MP: 2/4
   490 | D:1      | Reached skill level 5 in Necromancy
   922 | D:1      | Upgraded the game from 0.14-a0-1546-g4b4961f to 0.14-a0-1570-g671a4b6
  1055 | D:1      | Reached XP level 3. HP: 21/24 MP: 1/6
  1060 | D:1      | Learned a level 3 spell: Vampiric Draining
  1824 | D:2      | Reached XP level 4. HP: 25/30 MP: 2/8
  2139 | D:2      | Found a basalt altar of Yredelemnul.
  2140 | D:2      | Noticed a profane servitor
  2145 | D:2      | Found a glowing golden altar of the Shining One.
  2146 | D:2      | Noticed an angel
  2255 | D:3      | Reached skill level 6 in Necromancy
  2690 | D:3      | Learned a level 4 spell: Control Undead
  2825 | D:3      | Reached XP level 5. HP: 14/35 MP: 2/10
  3558 | D:4      | Reached skill level 7 in Necromancy
  3676 | D:4      | Reached XP level 6. HP: 33/41 MP: 8/13
  3863 | D:4      | Paralysed by a giant eyeball for 4 turns
  3882 | D:4      | Reached skill level 1 in Short Blades
  4003 | D:4      | Learned a level 3 spell: Regeneration
  4079 | D:5      | Entered Level 5 of the Dungeon
  4319 | D:5      | HP: 2/41 [phantom (5)]
  4519 | D:5      | Got a steaming leather armour
  4631 | D:5      | Identified the +2 leather armour of Idealism {rPois Dam+4} (You found it on level 5 of the Dungeon)
  4738 | D:5      | Found Waownyka's Magic Scroll Emporium.
  4747 | D:5      | Bought a scroll of teleportation for 45 gold pieces
  4747 | D:5      | Bought a scroll of recharging for 82 gold pieces
  4747 | D:5      | Bought a scroll of amnesia for 82 gold pieces
  4887 | D:5      | Reached skill level 8 in Necromancy
  4887 | D:5      | Reached XP level 7. HP: 16/46 MP: 12/15
  6196 | D:6      | Found Etasos' Magic Scroll Shoppe.
  6210 | D:6      | Bought a scroll of identify for 22 gold pieces
  6210 | D:6      | Bought a scroll of identify for 22 gold pieces
  6219 | D:6      | Found a glowing silver altar of Zin.
  6240 | D:6      | Found a white marble altar of Elyvilon.
  6251 | D:6      | Reached skill level 9 in Necromancy
  6408 | D:6      | Noticed Edmund
  6454 | D:6      | Killed Edmund
  6454 | D:6      | Reached XP level 8. HP: 33/49 MP: 14/18
  6540 | D:6      | Paralysed by a giant eyeball for 4 turns
  7252 | D:7      | Found a staircase to the Ecumenical Temple.
  7255 | D:7      | Found Ysued's Magic Scroll Boutique.
  7274 | D:7      | Reached skill level 5 in Spellcasting
  7274 | D:7      | Reached skill level 10 in Necromancy
  7297 | D:7      | Bought a scroll of blinking for 71 gold pieces
  7312 | Temple   | Entered the Ecumenical Temple
  7542 | Temple   | Became a worshipper of Vehumet
  8131 | D:8      | Reached skill level 5 in Short Blades
  8251 | D:8      | Reached XP level 9. HP: 8/54 MP: 21/21
  8253 | D:8      | Reached skill level 1 in Evocations
  8508 | D:8      | Learned a level 3 spell: Flight
  8640 | D:8      | Acquired Vehumet's first power
  8640 | D:8      | Offered knowledge of Flame Tongue by Vehumet.
  8646 | D:8      | Learned a level 1 spell: Flame Tongue
  8651 | D:8      | Found a bloodstained altar of Trog.
  8656 | D:8      | Noticed Eustachio
  8705 | D:8      | Killed Eustachio
  8724 | D:8      | Reached skill level 1 in Charms
  8968 | D:8      | Reached skill level 1 in Fire Magic
  9012 | D:9      | Reached skill level 1 in Conjurations
  9357 | D:9      | Offered knowledge of Searing Ray by Vehumet.
  9559 | D:9      | Reached XP level 10. HP: 50/60 MP: 25/25
  9933 | D:9      | Reached skill level 5 in Fire Magic
  9939 | D:9      | Offered knowledge of Stone Arrow by Vehumet.
  9980 | D:9      | Acquired Vehumet's second power
 10000 | D:9      | Slain by a killer bee

Action                   |  1- 3 |  4- 6 |  7- 9 | 10-12 || total
-------------------------+-------+-------+-------+-------++-------
Melee: Unarmed           |    35 |     2 |       |       ||    37
       Dagger            |       |    13 |       |       ||    13
       Cutlass           |       |   213 |   370 |    87 ||   670
 Cast: Pain              |    72 |    38 |       |       ||   110
       Vampiric Draining |     4 |    29 |    79 |    47 ||   159
       Control Undead    |       |     5 |     2 |       ||     7
 Abil: Evoke Invisibilit |       |       |     1 |       ||     1
Evoke: Wand              |       |     2 |       |     2 ||     4
  Use: Potion            |     1 |     6 |     4 |     2 ||    13
       Scroll            |       |    14 |     4 |       ||    18
 Stab: Sleeping          |     2 |     4 |     6 |       ||    12
       Distracted        |       |     1 |       |     1 ||     2
       Invisible         |       |       |     2 |       ||     2
